| TOP OF THE 1ST |
|
Batavia Muckdogs batting - Pitching for Williamsport Crosscutters : RHP Guillermo de Leon
|
|
Pitching: RHP Guillermo de Leon
|
|
|
Batting: LHB Orlando Rivera
|
0-0: Called Strike 0-1: Swinging Strike 0-2: Strikes out looking
|
|
Batting: RHB Manuel Taveras
|
0-0: Ball 1-0: Foul Ball, location: 2F 1-1: Ball 2-1: Called Strike 2-2: Strikes out swinging
|
|
Batting: RHB Nate Crofts
|
0-0: Hit by Pitch
|
|
Batting: SHB Matt Moore
|
0-0: Ball 1-0: Ball 2-0: Ball 3-0: Called Strike 3-1: Swinging Strike 3-2: Base on Balls Nate Crofts to second
|
|
Batting: RHB Orlando Landa
|
0-0: Called Strike 0-1: Ball 1-1: SINGLE (Groundball, 6D, EV 103.8 MPH) Nate Crofts to third Matt Moore to second
|
|
Batting: LHB Matt McKeon
|
0-0: Called Strike 0-1: Ball 1-1: Called Strike 1-2: Strikes out swinging
|
| Top of the 1st over - 0 runs, 1 hit, 0 errors, 3 left on base; Batavia 0 - Williamsport 0 |
| BOTTOM OF THE 1ST |
|
Williamsport Crosscutters batting - Pitching for Batavia Muckdogs : LHP Matt Boehm
|
|
Pitching: LHP Matt Boehm
|
|
|
Batting: RHB Robby Adair
|
0-0: Ball 1-0: Ball 2-0: Ball 3-0: Called Strike 3-1: Foul Ball, location: 2F 3-2: Base on Balls
|
|
Batting: RHB Marcus Carter
|
0-0: Ball 1-0: Foul Ball, location: 2F 1-1: Ball Balk! Robby Adair to second 2-1: Ball 3-1: Called Strike 3-2: Strikes out swinging
|
|
Batting: RHB Tak-keung Chieu
|
0-0: Called Strike 0-1: Fly out, F8 (Line Drive, 8LM, EV 90.6 MPH)
|
|
Batting: LHB Matt Calitri
|
0-0: Ground out 5-3 (Groundball, 56, EV 102.5 MPH)
|
| Bottom of the 1st over - 0 runs, 0 hits, 0 errors, 1 left on base; Batavia 0 - Williamsport 0 |
| TOP OF THE 2ND |
|
Batavia Muckdogs batting - Pitching for Williamsport Crosscutters : RHP Guillermo de Leon
|
|
Batting: RHB Justin Dunham
|
0-0: Fly out, F7 (Line Drive, 7LM, EV 90.0 MPH)
|
|
Batting: SHB Justin Corbett
|
0-0: Called Strike 0-1: Fly out, F9 (Line Drive, 9S, EV 87.5 MPH)
|
|
Batting: RHB Axel Moltke
|
0-0: Ball 1-0: Ball 2-0: Ball 3-0: Base on Balls
|
|
Batting: LHB Orlando Rivera
|
0-0: Foul Ball, location: 2F 0-1: Foul Ball, location: 2F 0-2: Strikes out swinging
|
| Top of the 2nd over - 0 runs, 0 hits, 0 errors, 1 left on base; Batavia 0 - Williamsport 0 |
| BOTTOM OF THE 2ND |
|
Williamsport Crosscutters batting - Pitching for Batavia Muckdogs : LHP Matt Boehm
|
|
Batting: RHB Josh Baker
|
0-0: Foul Ball, location: 2F 0-1: Swinging Strike 0-2: Ball 1-2: Ball 2-2: Foul Ball, location: 2F 2-2: Ground out U3 (Groundball, 3, EV 85.0 MPH)
|
|
Batting: LHB Brent Dutcher
|
0-0: Called Strike 0-1: Foul Ball, location: 2F 0-2: Ball 1-2: Foul Ball, location: 2F 1-2: Foul Ball, location: 2F 1-2: Ball 2-2: Ball 3-2: DOUBLE (Groundball, 3L, EV 95.0 MPH)
|
|
Batting: RHB Bryan Alfaro
|
0-0: SINGLE (Groundball, 56, EV 103.1 MPH) (infield hit) Brent Dutcher to third
|
|
Batting: SHB Brendan Bundy
|
0-0: Ball 1-0: Called Strike 1-1: Called Strike 1-2: Ball 2-2: Foul Ball, location: 2F 2-2: Strikes out looking
|
|
Batting: RHB Leon Edwards
|
0-0: Ball 1-0: Called Strike 1-1: Called Strike Bryan Alfaro is caught stealing 2nd base 2-4
|
| Bottom of the 2nd over - 0 runs, 2 hits, 0 errors, 1 left on base; Batavia 0 - Williamsport 0 |
| TOP OF THE 3RD |
|
Batavia Muckdogs batting - Pitching for Williamsport Crosscutters : RHP Guillermo de Leon
|
|
Batting: RHB Manuel Taveras
|
0-0: Fly out, F7 (Flyball, 7S, EV 66.9 MPH)
|
|
Batting: RHB Nate Crofts
|
0-0: Called Strike 0-1: Swinging Strike 0-2: Ball 1-2: Ball 2-2: Strikes out swinging
|
|
Batting: SHB Matt Moore
|
0-0: Foul Ball, location: 2F 0-1: Swinging Strike 0-2: Ball 1-2: Foul Ball, location: 2F 1-2: Ball 2-2: Fly out, F7 (Flyball, 7, EV 95.0 MPH)
|
| Top of the 3rd over - 0 runs, 0 hits, 0 errors, 0 left on base; Batavia 0 - Williamsport 0 |
| BOTTOM OF THE 3RD |
|
Williamsport Crosscutters batting - Pitching for Batavia Muckdogs : LHP Matt Boehm
|
|
Batting: RHB Leon Edwards
|
0-0: Ball 1-0: SINGLE (Groundball, 6MD, EV 95.0 MPH)
|
|
Batting: RHB Robby Adair
|
0-0: Ball 1-0: Ball 2-0: Ball 3-0: Called Strike 3-1: Fly out, F8 (Flyball, 89D, EV 83.8 MPH)
|
|
Batting: RHB Marcus Carter
|
0-0: Called Strike 0-1: Called Strike 0-2: Hit by Pitch Leon Edwards to second
|
|
Batting: RHB Tak-keung Chieu
|
0-0: Called Strike 0-1: Ball 1-1: Swinging Strike 1-2: Strikes out swinging
|
|
Batting: LHB Matt Calitri
|
0-0: Called Strike 0-1: Ball 1-1: Foul Ball, location: 2F 1-2: Strikes out swinging
|
| Bottom of the 3rd over - 0 runs, 1 hit, 0 errors, 2 left on base; Batavia 0 - Williamsport 0 |
| TOP OF THE 4TH |
|
Batavia Muckdogs batting - Pitching for Williamsport Crosscutters : RHP Guillermo de Leon
|
|
Batting: RHB Orlando Landa
|
0-0: Called Strike 0-1: SINGLE (Groundball, 4M, EV 85.6 MPH) (infield hit)
|
|
Batting: LHB Matt McKeon
|
0-0: Swinging Strike 0-1: Swinging Strike 0-2: Foul Ball, location: 2F 0-2: Strikes out swinging
|
|
Batting: RHB Justin Dunham
|
0-0: Called Strike 0-1: Swinging Strike 0-2: Strikes out swinging
|
|
Batting: SHB Justin Corbett
|
0-0: Ball 1-0: Ball 2-0: Fly out, F6 (Line Drive, 6, EV 66.9 MPH)
|
| Top of the 4th over - 0 runs, 1 hit, 0 errors, 1 left on base; Batavia 0 - Williamsport 0 |
| BOTTOM OF THE 4TH |
|
Williamsport Crosscutters batting - Pitching for Batavia Muckdogs : LHP Matt Boehm
|
|
Batting: RHB Josh Baker
|
0-0: Called Strike 0-1: Ball 1-1: Foul Ball, location: 2F 1-2: Ball 2-2: Ball 3-2: Foul Ball, location: 2F 3-2: Strikes out looking
|
|
Pitching: RHP Adrian Bocker
|
|
|
Batting: LHB Brent Dutcher
|
0-0: Ball 1-0: Fly out, F8 (Line Drive, 8RD, EV 91.9 MPH)
|
|
Batting: RHB Bryan Alfaro
|
0-0: Called Strike 0-1: Ground out 5-3 (Groundball, 56, EV 91.2 MPH)
|
| Bottom of the 4th over - 0 runs, 0 hits, 0 errors, 0 left on base; Batavia 0 - Williamsport 0 |
| TOP OF THE 5TH |
|
Batavia Muckdogs batting - Pitching for Williamsport Crosscutters : RHP Guillermo de Leon
|
|
Batting: RHB Axel Moltke
|
0-0: Foul Ball, location: 2F 0-1: Ball 1-1: Ball 2-1: Bunt missed! 2-2: Strikes out swinging
|
|
Batting: LHB Orlando Rivera
|
0-0: Called Strike 0-1: Foul Ball, location: 2F 0-2: Strikes out looking
|
|
Batting: RHB Manuel Taveras
|
0-0: Foul Ball, location: 2F 0-1: Swinging Strike 0-2: Ball 1-2: Foul Ball, location: 2F 1-2: Foul Ball, location: 2F 1-2: Ball 2-2: DOUBLE (Line Drive, 89M, EV 103.8 MPH)
|
|
Batting: RHB Nate Crofts
|
0-0: Ball 1-0: Called Strike 1-1: Ground out 6-3 (Groundball, 6, EV 79.4 MPH)
|
| Top of the 5th over - 0 runs, 1 hit, 0 errors, 1 left on base; Batavia 0 - Williamsport 0 |
| BOTTOM OF THE 5TH |
|
Williamsport Crosscutters batting - Pitching for Batavia Muckdogs : RHP Adrian Bocker
|
|
Batting: SHB Brendan Bundy
|
0-0: Ball 1-0: Called Strike 1-1: Ball 2-1: Ground out 6-3 (Groundball, 6, EV 98.8 MPH)
|
|
Batting: RHB Leon Edwards
|
0-0: Ball 1-0: Foul Ball, location: 2F 1-1: Ball 2-1: Fly out, F9 (Flyball, 9, EV 86.9 MPH)
|
|
Batting: RHB Robby Adair
|
0-0: Ground out 3-1 (Groundball, 34, EV 102.5 MPH)
|
| Bottom of the 5th over - 0 runs, 0 hits, 0 errors, 0 left on base; Batavia 0 - Williamsport 0 |
| TOP OF THE 6TH |
|
Batavia Muckdogs batting - Pitching for Williamsport Crosscutters : RHP Guillermo de Leon
|
|
Batting: SHB Matt Moore
|
0-0: Called Strike 0-1: Ball 1-1: Swinging Strike 1-2: Foul Ball, location: 2F 1-2: Ball 2-2: Ball 3-2: SOLO HOME RUN (Line Drive, 9D, EV 103.1 MPH), Distance : 411 ft
|
|
Batting: RHB Orlando Landa
|
0-0: Ball 1-0: Ball 2-0: Called Strike 2-1: SINGLE (Groundball, 56D, EV 98.1 MPH)
|
|
Batting: LHB Matt McKeon
|
0-0: Called Strike 0-1: Called Strike Orlando Landa is caught stealing 2nd base 2-6 0-2: Strikes out looking
|
|
Batting: RHB Justin Dunham
|
0-0: Called Strike 0-1: Swinging Strike 0-2: Fly out, F7 (Line Drive, 7S, EV 86.2 MPH)
|
| Top of the 6th over - 1 run, 2 hits, 0 errors, 0 left on base; Batavia 1 - Williamsport 0 |
| BOTTOM OF THE 6TH |
|
Williamsport Crosscutters batting - Pitching for Batavia Muckdogs : RHP Adrian Bocker
|
|
Batting: RHB Marcus Carter
|
0-0: Called Strike 0-1: Called Strike 0-2: Ball 1-2: Ball 2-2: Ball 3-2: Base on Balls
|
|
Batting: RHB Tak-keung Chieu
|
0-0: Called Strike Marcus Carter steals 2nd base 0-1: Foul Ball, location: 2F 0-2: 2-RUN HOME RUN (Flyball, 7LD, EV 92.5 MPH), Distance : 332 ft
|
|
Batting: LHB Matt Calitri
|
0-0: Called Strike 0-1: Ground out 6-3 (Groundball, 6, EV 87.5 MPH)
|
|
Batting: RHB Josh Baker
|
0-0: Called Strike 0-1: Foul Ball, location: 2F 0-2: Ball 1-2: Ball 2-2: Ball 3-2: Fly out, F8 (Flyball, 8RXD, EV 103.8 MPH)
|
|
Batting: LHB Brent Dutcher
|
0-0: Foul Ball, location: 2F 0-1: Foul Ball, location: 2F 0-2: Foul Ball, location: 2F 0-2: Ball 1-2: Reached on error, E3 (Groundball, 34, EV 82.5 MPH)
|
|
Batting: RHB Bryan Alfaro
|
0-0: Fly out, F9 (Flyball, 89M, EV 96.2 MPH)
|
| Bottom of the 6th over - 2 runs, 1 hit, 1 error, 1 left on base; Batavia 1 - Williamsport 2 |
| TOP OF THE 7TH |
|
Batavia Muckdogs batting - Pitching for Williamsport Crosscutters : RHP Guillermo de Leon
|
|
Batting: SHB Justin Corbett
|
0-0: Foul Ball, location: 2F 0-1: Fly out, F8 (Flyball, 89M, EV 96.2 MPH)
|
|
Batting: RHB Axel Moltke
|
0-0: Called Strike 0-1: Called Strike 0-2: Ball 1-2: Strikes out swinging
|
|
Batting: LHB Orlando Rivera
|
0-0: Called Strike 0-1: Ball 1-1: Called Strike 1-2: Ball 2-2: Ball 3-2: Base on Balls
|
|
Pitching: LHP Jose Diaz
|
|
|
Batting: RHB Manuel Taveras
|
0-0: Called Strike Orlando Rivera steals 2nd base (no throw) 0-1: Fly out, F8 (Line Drive, 78M, EV 89.4 MPH)
|
| Top of the 7th over - 0 runs, 0 hits, 0 errors, 1 left on base; Batavia 1 - Williamsport 2 |
| BOTTOM OF THE 7TH |
|
Williamsport Crosscutters batting - Pitching for Batavia Muckdogs : RHP Adrian Bocker
|
|
Batting: SHB Brendan Bundy
|
0-0: Ball 1-0: Fly out, F7 (Flyball, 7LD, EV 96.9 MPH)
|
|
Batting: RHB Leon Edwards
|
0-0: Ball 1-0: Foul Ball, location: 2F 1-1: Ball 2-1: Called Strike 2-2: Ball 3-2: Ground out 6-3 (Groundball, 6, EV 102.5 MPH)
|
|
Batting: RHB Robby Adair
|
0-0: Ground out 5-3 (Groundball, 56S, EV 86.2 MPH)
|
| Bottom of the 7th over - 0 runs, 0 hits, 0 errors, 0 left on base; Batavia 1 - Williamsport 2 |
| TOP OF THE 8TH |
|
Batavia Muckdogs batting - Pitching for Williamsport Crosscutters : LHP Jose Diaz
|
|
Batting: RHB Nate Crofts
|
0-0: Swinging Strike 0-1: Called Strike 0-2: Ball 1-2: Ball 2-2: Strikes out looking
|
|
Batting: SHB Matt Moore
|
0-0: Foul Ball, location: 2F 0-1: Foul Ball, location: 2F 0-2: Strikes out swinging
|
|
Batting: RHB Orlando Landa
|
0-0: Ball 1-0: SINGLE (Flyball, 8LS, EV 95.0 MPH)
|
|
Pinch Hitting: RHB Chris Alft
|
0-0: Ball 1-0: SINGLE (Groundball, P, EV 85.0 MPH) (infield hit) Orlando Landa to second
|
|
Batting: RHB Justin Dunham
|
0-0: Called Strike 0-1: Fly out, F8 (Flyball, 8LM, EV 88.1 MPH)
|
| Top of the 8th over - 0 runs, 2 hits, 0 errors, 2 left on base; Batavia 1 - Williamsport 2 |
| BOTTOM OF THE 8TH |
|
Williamsport Crosscutters batting - Pitching for Batavia Muckdogs : RHP Adrian Bocker
|
|
Now in RF: Calvin Morin
|
|
|
Batting: RHB Marcus Carter
|
0-0: Ball 1-0: Ball 2-0: Ball 3-0: Base on Balls
|
|
Batting: RHB Tak-keung Chieu
|
0-0: Called Strike Marcus Carter steals 2nd base 0-1: Ball 1-1: Fly out, F4 (Popup, 34, EV 61.9 MPH)
|
|
Batting: LHB Matt Calitri
|
0-0: Intentional Walk
|
|
Batting: RHB Josh Baker
|
0-0: Ball Wild Pitch! Marcus Carter to third Matt Calitri to second Balk! Marcus Carter scores Matt Calitri to third 1-0: Foul Ball, location: 2F Balk! Matt Calitri scores 1-1: Foul Ball, location: 2F 1-2: Foul Ball, location: 2F 1-2: Foul Ball, location: 2F 1-2: Foul Ball, location: 2F 1-2: Ground out 4-3 (Groundball, 4, EV 86.2 MPH)
|
|
Batting: LHB Brent Dutcher
|
0-0: Ball 1-0: Ball 2-0: Called Strike 2-1: Ball 3-1: Base on Balls
|
|
Pitching: RHP Eric Jordan
|
|
|
Batting: RHB Bryan Alfaro
|
0-0: Ball 1-0: Called Strike 1-1: Called Strike Brent Dutcher steals 2nd base 1-2: Ball 2-2: SINGLE (Flyball, 9S, EV 85.0 MPH) Brent Dutcher to third Runner from 3rd tries for Home, SAFE, throw by RF to home Bryan Alfaro to second
|
|
Batting: SHB Brendan Bundy
|
0-0: Called Strike 0-1: Fly out, F8 (Flyball, 8LM, EV 84.4 MPH)
|
| Bottom of the 8th over - 3 runs, 1 hit, 0 errors, 1 left on base; Batavia 1 - Williamsport 5 |
| TOP OF THE 9TH |
|
Batavia Muckdogs batting - Pitching for Williamsport Crosscutters : LHP Jose Diaz
|
|
Batting: SHB Justin Corbett
|
0-0: Called Strike 0-1: Ball 1-1: Fly out, F7 (Flyball, 78S, EV 91.9 MPH)
|
|
Batting: RHB Axel Moltke
|
0-0: Foul Ball, location: 2F 0-1: Ball 1-1: SINGLE (Line Drive, 56D, EV 108.8 MPH)
|
|
Batting: LHB Orlando Rivera
|
0-0: Fielders Choice at 2nd, 4-6 (Groundball, 4, EV 86.9 MPH)
|
|
Batting: RHB Manuel Taveras
|
0-0: Ball 1-0: Called Strike 1-1: Foul Ball, location: 2F 1-2: Ball 2-2: Ball 3-2: Strikes out looking
|
| Top of the 9th over - 0 runs, 1 hit, 0 errors, 1 left on base; Batavia 1 - Williamsport 5 |
|